[Event "ICC tourney 1954 (60 10)"]
[Site "Internet Chess Club"]
[Date "2020.08.09"]
[Round "7"]
[White "RONAKSHERGIL"]
[Black "johnique"]
[Result "0-1"]
[ICCResult "White checkmated"]
[WhiteElo "920"]
[BlackElo "1368"]
[Opening "Four knights: Italian variation"]
[ECO "C47"]
[NIC "RG.01"]
[Time "12:05:54"]
[TimeControl "3600+10"]

1. e4 e5 2. Nf3 Nf6 3. Nc3 Nc6 4. Bc4 Be7 5. d3 d6 6. h3 Na5 7. Bb3 Nxb3 8.
axb3 a6 9. Be3 Be6 10. Ng5 Bd7 11. Nf3 O-O 12. d4 exd4 13. Nxd4 c6 14. Qd3
Re8 15. O-O h6 16. f4 Bf8 17. Bf2 b5 18. Bh4 Be7 19. e5 dxe5 20. fxe5 Nh7
21. Bxe7 Rxe7 22. Rac1 Rxe5 23. Rce1 Re7 24. Rxe7 Qxe7 25. Qe4 Qc5 26. Qd3
Rd8 27. Ne4 Qb6 28. Qc3 Be8 29. Rd1 Ng5 30. Qc5 Qxc5 31. Nxc5 Ne6 32. Ncxe6
fxe6 33. Kf2 e5 34. Ke3 exd4+ 35. Rxd4 Rxd4 36. Kxd4 Kf7 37. Kc5 Ke6 38. Kb6
Kd5 39. Kxa6 Bg6 40. c3 Be4 41. g4 Ke5 42. Kb6 g5 43. c4 bxc4 44. bxc4 Kf4
45. b4 Kg3 46. b5 cxb5 47. cxb5 Kxh3 48. Kc5 Kxg4 49. b6 Bb7 50. Kd6 h5 51.
Ke5 h4 52. Kd4 Kf3 53. Kd3 h3 54. Kd2 Kf2 55. Kd3 h2 56. Kd2 h1=Q 57. Kc3 g4
58. Kb4 g3 59. Kc5 g2 60. Kd6 g1=Q 61. Kc7 Qg7+ 62. Kd6 Qc6# {White
checkmated} 0-1

[Event "ICC tourney 1954 (60 10)"]
[Site "Internet Chess Club"]
[Date "2020.08.09"]
[Round "7"]
[White "arjunbupeshnath"]
[Black "Knighthhhh"]
[Result "0-1"]
[ICCResult "White checkmated"]
[WhiteElo "875"]
[BlackElo "650"]
[Opening "Giuoco Pianissimo"]
[ECO "C50"]
[NIC "IG.02"]
[Time "12:03:09"]
[TimeControl "3600+10"]

1. e4 e5 2. Nf3 Nc6 3. Bc4 Bc5 4. d3 h6 5. Nc3 Nf6 6. h3 O-O 7. O-O d6 8.
Be3 Bb6 9. d4 exd4 10. Nxd4 Nxd4 11. Bxd4 Be6 12. Bb3 Re8 13. Be3 Qd7 14.
Qf3 Rad8 15. Rad1 c6 16. e5 Bd5 17. Nxd5 Nxd5 18. Bxd5 Bxe3 19. Bxf7+ Qxf7
20. Qxf7+ Kxf7 21. fxe3+ Kg8 22. exd6 Rxe3 23. c4 c5 24. Rfe1 Rxe1+ 25. Rxe1
Rxd6 26. Re8+ Kf7 27. Rb8 Rb6 28. b3 Kg6 29. Kf2 a5 30. Rc8 Rc6 31. Rxc6+
bxc6 32. Ke3 Kf5 33. Kd2 Ke4 34. Kc2 Ke3 35. Kb2 Kf2 36. Ka3 Kxg2 37. Ka4
Kxh3 38. Kxa5 g5 39. a4 g4 40. Kb6 g3 41. a5 g2 42. a6 g1=Q 43. a7 Qg8 44.
Kb7 Qf7+ 45. Kb8 Qe8+ 46. Kb7 Qd7+ 47. Kb8 Qd8+ 48. Kb7 Qa5 49. a8=Q Qb4+
50. Kc8 Qxb3 51. Qxc6 Qxc4 52. Qxh6+ Kg3 53. Qg5+ Qg4+ 54. Qxg4+ Kxg4 55.
Kc7 c4 56. Kd6 c3 57. Kd5 c2 58. Ke4 c1=Q 59. Ke5 Qf4+ 60. Kd5 Kg5 61. Ke6
Qf5+ 62. Kd6 Kg6 63. Kc6 Qe5 64. Kd7 Kf6 65. Kc6 Ke6 66. Kb7 Qd6 67. Kc8 Qe7
68. Kb8 Qd7 69. Ka8 Kd6 70. Kb8 Kc6 71. Ka8 Qb7# {White checkmated} 0-1

[Event "ICC tourney 1954 (60 10)"]
[Site "Internet Chess Club"]
[Date "2020.08.09"]
[Round "7"]
[White "handsomematch"]
[Black "wulovechess"]
[Result "0-1"]
[ICCResult "White checkmated"]
[WhiteElo "1192"]
[BlackElo "1070"]
[Opening "Ruy Lopez: Möller defense"]
[ECO "C78"]
[NIC "RL.12"]
[Time "12:02:57"]
[TimeControl "3600+10"]

1. e4 e5 2. Nf3 Nc6 3. Bb5 a6 4. Ba4 Nf6 5. O-O Bc5 6. c3 b5 7. Bc2 O-O 8.
d4 Bb6 9. Nxe5 Nxe5 10. dxe5 Ne8 11. Bf4 Bb7 12. Re1 d6 13. Nd2 dxe5 14.
Bxe5 Nf6 15. Qe2 Re8 16. Nf3 Qe7 17. Rad1 Nd7 18. Bd4 Rad8 19. Qd3 c5 20. e5
Nf8 21. Bxc5 Bxc5 22. Qf5 g6 23. Qh3 a5 24. Qh6 Bxf3 25. gxf3 Qb7 26. Be4
Qb6 27. Rd2 Rxe5 28. Rde2 Ne6 29. h4 f5 30. f4 Rxe4 31. Rxe4 fxe4 32. Rxe4
Bxf2+ 33. Kh2 Bg1+ 34. Kh3 Qf2 35. Rxe6 Qh2+ 36. Kg4 Qg2# {White checkmated}
0-1

[Event "ICC tourney 1954 (60 10)"]
[Site "Internet Chess Club"]
[Date "2020.08.09"]
[Round "7"]
[White "BearDBS"]
[Black "JCJ2018"]
[Result "1-0"]
[ICCResult "Black checkmated"]
[WhiteElo "1286"]
[BlackElo "991"]
[Opening "Queen's pawn, Mason variation"]
[ECO "D00"]
[NIC "QP.08"]
[Time "12:02:04"]
[TimeControl "3600+10"]

1. d4 d5 2. Bf4 Nf6 3. e3 e6 4. c3 Bd6 5. Bg3 O-O 6. Nf3 Nbd7 7. Ne5 Ne4 8.
f4 Nxg3 9. hxg3 Nxe5 10. fxe5 Be7 11. Bd3 g6 12. Qg4 Re8 13. Nd2 Bf8 14.
O-O-O Bg7 15. Rdf1 a5 16. Nf3 h6 17. Bxg6 f5 18. exf6 e5 19. Bf7+ Kxf7 20.
Qxg7+ Ke6 21. Rxh6 Rf8 22. f7+ Ke7 23. Qxe5+ Kxf7 24. Ng5+ Kg8 25. Rg6#
{Black checkmated}
1-0

[Event "ICC tourney 1954 (60 10)"]
[Site "Internet Chess Club"]
[Date "2020.08.09"]
[Round "7"]
[White "PirateKing"]
[Black "srikardesu"]
[Result "1-0"]
[ICCResult "Black checkmated"]
[WhiteElo "851"]
[BlackElo "201"]
[Opening "Queen's pawn: Lundin (Kevitz-Mikenas) defense"]
[ECO "A40"]
[NIC "QO.17"]
[Time "12:02:57"]
[TimeControl "3600+10"]

1. d4 Nc6 2. Bf4 Nf6 3. Nf3 d6 4. h3 e5 5. dxe5 dxe5 6. Qxd8+ Nxd8 7. Bxe5
Bb4+ 8. c3 Bc5 9. e3 O-O 10. Bd3 Nd5 11. O-O Bd6 12. Bxd6 cxd6 13. Ng5 h6
14. Nf3 Ne6 15. Be4 Nb6 16. Rd1 Nc5 17. Bc2 Nba4 18. b4 Nb2 19. Rxd6 Ne6 20.
Na3 b6 21. Be4 Rb8 22. Rb1 Na4 23. Rc1 Ba6 24. c4 Rbd8 25. Rcd1 Nb2 26. R1d2
Bxc4 27. Rxd8 Nxd8 28. Rxb2 Be6 29. Rc2 f5 30. Bd3 Bd7 31. Rc7 Bc6 32. Bc4+
Kh7 33. Rxa7 Rf6 34. Ne5 Be4 35. f3 Bc6 36. Nxc6 Nxc6 37. Rd7 Ne5 38. Re7
Nxc4 39. Nxc4 Rc6 40. Ne5 Rc8 41. Rb7 Kg8 42. Rxb6 Re8 43. f4 g5 44. Rxh6
Kg7 45. Rg6+ Kh7 46. Rxg5 Rf8 47. Rh5+ Kg7 48. Nd7 Rf7 49. Rg5+ Kh6 50. Ne5
Rf6 51. Rg6+ Rxg6 52. Nxg6 Kxg6 53. b5 Kf7 54. b6 Ke7 55. b7 Kd7 56. b8=Q
Kc6 57. g4 fxg4 58. hxg4 Kd5 59. Qb7+ Ke6 60. f5+ Ke5 61. Qe7+ Kd5 62. e4+
Kd4 63. Kf2 Kc3 64. Qe6 Kb2 65. Qb3+ Kc1 66. Qc3+ Kb1 67. Ke2 Kxa2 68. Kd2
Kb1 69. Kd1 Ka2 70. Qb4 Ka1 71. Kc1 Ka2 72. Qb2# {Black checkmated} 1-0

[Event "ICC tourney 1954 (60 10)"]
[Site "Internet Chess Club"]
[Date "2020.08.09"]
[Round "7"]
[White "worldcupgirl"]
[Black "thanhcaptures"]
[Result "1/2-1/2"]
[ICCResult "Game drawn because neither player has mating material"]
[WhiteElo "1361"]
[BlackElo "1173"]
[Opening "Scotch game"]
[ECO "C45"]
[NIC "SO.05"]
[Time "12:02:42"]
[TimeControl "3600+10"]

1. e4 e5 2. Nf3 Nc6 3. d4 exd4 4. Nxd4 Bc5 5. Nxc6 Qf6 6. Qd2 Qxc6 7. Bd3
Nf6 8. O-O d6 9. Nc3 a6 10. Nd5 Nxd5 11. exd5 Qd7 12. Re1+ Kf8 13. Qg5 Bd4
14. Bf5 Bxf2+ 15. Kxf2 Qxf5+ 16. Qxf5 Bxf5 17. c4 Re8 18. Bd2 f6 19. Rac1
Rxe1 20. Rxe1 Kf7 21. Kf3 Re8 22. Rxe8 Kxe8 23. Kf4 Bb1 24. a3 Ba2 25. c5
dxc5 26. Ke4 Bb1+ 27. Kf4 Kd7 28. g4 g5+ 29. Ke3 Kd6 30. Bc3 f5 31. Bf6 fxg4
32. Bxg5 h5 33. Bf4+ Kxd5 34. Bxc7 Ke6 35. Kf4 Kf6 36. Bd8+ Kg6 37. Ke5 Bd3
38. Kd6 c4 39. Kc7 Be4 40. Kb6 Kf5 41. Kc5 Bc6 42. Kxc4 Ke4 43. Kc5 Kf3 44.
Kd4 g3 45. hxg3 Kxg3 46. Bc7+ Kg4 47. Ke3 h4 48. Kf2 h3 49. Kg1 Bg2 50. Kh2
Kf3 51. Kg1 b5 52. Kh2 Ke2 53. Be5 Kd3 54. Bg7 Kc2 55. Bf6 Kb3 56. Be5 a5
57. Bf6 a4 58. Be5 Kc4 59. Bg7 Kd3 60. Bf6 Ke4 61. Bg7 Kf3 62. Be5 Bf1 63.
Bd6 Bg2 64. Be5 Kg4 65. Bd6 Bd5 66. Be5 Be6 67. Bd6 Kf3 68. Be5 Ke4 69. Bg7
Kd3 70. Bf6 Kc4 71. Be5 b4 72. axb4 Kxb4 73. Bc3+ Kb3 74. Be5 Kc4 75. Bf6
Kd3 76. Be5 Kc2 77. Bf6 Kb3 78. Be5 Kc4 79. Bg7 Kd3 80. Bf6 Ke4 81. Bg7 Kf5
82. Bd4 Ke4 83. Bf6 Kf5 84. Bd4 Kf4 85. Bf6 Ke3 86. Bg5+ Kd3 87. Bf6 Kc4 88.
Be5 Kb4 89. Bc3+ Kb3 90. Bf6 Kb4 91. Be7+ Kb3 92. Bf6 Kc4 93. Be5 Kb3 94.
Bf6 Kc4 95. Be5 Kb3 96. Bf6 Kc2 97. Be5 Kd1 98. Bf6 Ke2 99. Be5 Kf3 100. Bf6
Kf4 101. Bc3 Ke4 102. Bf6 Kd3 103. Be5 Kc4 104. Bf6 Kb3 105. Be5 a3 106.
bxa3 Kc4 107. a4 Kb4 108. a5 Kb5 109. Bc3 Ka6 110. Be1 Kb7 111. Bd2 Ka8 112.
a6 Ka7 113. Be3+ Kxa6 114. Bf4 Kb5 115. Bd2 Kc4 116. Bg5 Kd5 117. Bd2 Ke4
118. Bb4 Kf3 119. Bc5 Kg4 120. Bd6 Bd5 121. Bc5 Bg2 122. Bd6 Kf3 123. Bc5
Kg4 124. Bd6 Kf5 125. Bc5 Ke5 126. Bf2 Kd5 127. Bg3 Ke4 128. Bc7 Kf3 129.
Bd6 Bf1 130. Bc7 Ke2 131. Be5 Bg2 132. Bd6 Kf2 133. Bc5+ Kf1 134. Bd6 Bd5
135. Kxh3 {Game drawn because neither player has mating material} 1/2-1/2

[Event "ICC tourney 1954 (60 10)"]
[Site "Internet Chess Club"]
[Date "2020.08.09"]
[Round "7"]
[White "iamlifamily"]
[Black "SukrutN"]
[Result "0-1"]
[ICCResult "White resigns"]
[WhiteElo "1372"]
[BlackElo "1173"]
[Opening "Sicilian defense"]
[ECO "B40"]
[NIC "SI.43"]
[Time "12:02:56"]
[TimeControl "3600+10"]

1. e4 c5 2. Nf3 e6 3. c3 Nf6 4. e5 Nd5 5. d4 cxd4 6. cxd4 Nc6 7. Nc3 Bb4 8.
Bd2 O-O 9. Nxd5 Bxd2+ 10. Qxd2 exd5 11. Be2 d6 12. O-O Re8 13. Bb5 Bg4 14.
Be2 dxe5 15. dxe5 a6 16. h3 Bh5 17. Rad1 Nxe5 18. Qxd5 Qxd5 19. Rxd5 Nxf3+
20. Bxf3 Bxf3 21. gxf3 Re2 22. Rb1 h6 23. a4 Rc8 24. b3 Rcc2 25. Rf1 Rb2 26.
Rd3 Re6 27. Rc1 Ree2 28. Rf1 Rec2 29. Re3 Rc6 30. Rd1 Rcc2 31. Rf1 Kh7 32.
Kg2 Rc6 33. Rd1 Rcc2 34. Rf1 Kg6 35. Kg3 f6 36. f4 b5 37. axb5 axb5 38. Rf3
b4 39. h4 Rc3 40. Rxc3 bxc3 41. Rc1 Rxb3 42. Kf3 c2+ 43. Ke2 Rc3 44. Kd2 Rc8
45. Rxc2 Rxc2+ 46. Kxc2 Kf5 47. Kd2 Kxf4 48. Ke2 Kg4 49. Ke3 Kxh4 50. Kf4 g6
51. Kf3 f5 52. Kf4 h5 53. Kf3 g5 54. Kg2 g4 55. f3 gxf3+ 56. Kxf3 Kg5 57.
Kg3 h4+ 58. Kh3 f4 59. Kh2 Kg4 60. Kh1 Kg3 61. Kg1 Kh3 62. Kf2 Kh2 63. Kf3
Kg1 64. Kg4 Kg2 65. Kxh4 f3 {White resigns} 0-1

[Event "ICC tourney 1954 (60 10)"]
[Site "Internet Chess Club"]
[Date "2020.08.09"]
[Round "7"]
[White "eevee11"]
[Black "janeff1110"]
[Result "1-0"]
[ICCResult "Black checkmated"]
[WhiteElo "709"]
[BlackElo "890"]
[Opening "Ruy Lopez: Graz variation"]
[ECO "C70"]
[NIC "RL.09"]
[Time "12:02:57"]
[TimeControl "3600+10"]

1. e4 e5 2. Nf3 Nc6 3. Bb5 a6 4. Ba4 b5 5. Bb3 Bc5 6. O-O Nf6 7. a4 Bb7 8.
axb5 axb5 9. Rxa8 Qxa8 10. c3 O-O 11. d4 exd4 12. cxd4 Bb6 13. Nc3 Na7 14.
e5 Bxf3 15. Qxf3 Qxf3 16. gxf3 Nh5 17. Be3 Nc6 18. Rd1 Na7 19. Nd5 Ba5 20.
Ne7+ Kh8 21. Ra1 Bb6 22. Nd5 Nc6 23. Nxb6 cxb6 24. Ra6 Rb8 25. Bxf7 g6 26.
Bd5 Nb4 27. Ra8 Rxa8 28. Bxa8 Kg8 29. d5 Nd3 30. Bxb6 Nxe5 31. d6 Nxf3+ 32.
Bxf3 Kf7 33. Bxh5 gxh5 34. Kg2 Ke6 35. Bc7 Kd5 36. Kf1 Kc4 37. Bb6 Kd5 38.
Bc7 Kc4 39. Ke1 b4 40. Kd1 b3 41. Kd2 Kd4 42. Bb6+ Kd5 43. Kc3 Ke4 44. Kxb3
Kf3 45. Be3 Kg2 46. Bf4 Kf3 47. Bg3 Kg4 48. Kc4 h4 49. Be5 Kf3 50. b4 Kxf2
51. b5 Kf3 52. b6 Ke4 53. b7 Kxe5 54. b8=Q Kf4 55. Qf8+ Kg4 56. Qg7+ Kh3 57.
Qxd7+ Kxh2 58. Qxh7 h3 59. Qxh3+ Kxh3 60. d7 Kg4 61. d8=Q Kf5 62. Qe8 Kf6
63. Kd5 Kf5 64. Qf8+ Kg5 65. Ke4 Kg6 66. Ke5 Kg5 67. Qg8+ Kh4 68. Kf4 Kh5
69. Qg5# {Black checkmated} 1-0

[Event "ICC tourney 1954 (60 10)"]
[Site "Internet Chess Club"]
[Date "2020.08.09"]
[Round "7"]
[White "Maximusiv"]
[Black "antonk2012"]
[Result "1-0"]
[ICCResult "Black checkmated"]
[WhiteElo "1045"]
[BlackElo "721"]
[Opening "Scandinavian (center counter) defense"]
[ECO "B01"]
[NIC "SD.01"]
[Time "12:02:57"]
[TimeControl "3600+10"]

1. e4 d5 2. exd5 Qxd5 3. Nc3 Qa5 4. Nf3 Nf6 5. d4 Bg4 6. Be2 Ne4 7. Bd2 Nxc3
8. Bxc3 Qd5 9. O-O Qd6 10. Re1 h5 11. h3 Bc8 12. Qd2 f6 13. Bb4 Qd7 14. a4
g5 15. Bb5 c6 16. Bd3 g4 17. Bg6+ Kd8 18. Nh4 e6 19. Rad1 f5 20. Ba5+ b6 21.
Bb4 Bg7 22. Qg5+ Kc7 23. Qf4+ Kb7 24. Bc3 Bf6 25. d5 Bxh4 26. Bxh8 cxd5 27.
c4 Qd8 28. Be5 Qg8 29. Bxh5 Bd7 30. hxg4 fxg4 31. Bxg4 Bg5 32. Qg3 Nc6 33.
Bf4 Bxf4 34. Qxf4 e5 35. Rxe5 Nxe5 36. Bxd7 Nxd7 37. Rxd5 Nc5 38. Qf3 Ka6
39. Rxc5 bxc5 40. Qc6+ Ka5 41. Qb5# {Black checkmated} 1-0

[Event "ICC tourney 1954 (60 10)"]
[Site "Internet Chess Club"]
[Date "2020.08.09"]
[Round "7"]
[White "che108642"]
[Black "jhong2"]
[Result "1-0"]
[ICCResult "Black resigns"]
[WhiteElo "1402"]
[BlackElo "1213"]
[Opening "Queen's pawn game"]
[ECO "A45"]
[NIC "QP.07"]
[Time "12:02:43"]
[TimeControl "3600+10"]

1. d4 Nf6 2. Nc3 d6 3. Bf4 g6 4. h4 Bg7 5. Qd2 Bf5 6. f3 O-O 7. g4 Bd7 8.
Bh6 e5 9. Bxg7 Kxg7 10. h5 Ng8 11. hxg6 fxg6 12. e3 Qf6 13. Qh2 Rf7 14. Ne4
Qe7 15. Bc4 Be6 16. Bxe6 Qxe6 17. Ng5 Qe7 18. Nxf7 Qxf7 19. Qxh7+ Kf8 20.
Qxf7+ Kxf7 21. Rh7+ Kf6 22. Rxc7 exd4 23. exd4 Nc6 24. O-O-O Rb8 25. c3 Nge7
26. Re1 d5 27. Rd7 b5 28. a3 a5 29. b4 axb4 30. axb4 Rh8 31. Rd6+ Kg5 32.
Ne2 Rh3 33. Rf1 Rh4 34. Kd2 Rh8 35. Ke3 Rh2 36. Nf4 Rc2 37. Ne6+ Kf6 38.
Nd8+ Kg5 39. Kd3 Nxd8 40. Kxc2 Nf7 41. Rd7 Kf6 42. Re1 Nc6 {Black resigns}
1-0

[Event "ICC tourney 1954 (60 10)"]
[Site "Internet Chess Club"]
[Date "2020.08.09"]
[Round "7"]
[White "Gnanathan"]
[Black "EdwardTarte"]
[Result "0-1"]
[ICCResult "White resigns"]
[WhiteElo "1359"]
[BlackElo "1217"]
[Opening "Owen defense"]
[ECO "B00"]
[NIC "VO.01"]
[Time "12:02:52"]
[TimeControl "3600+10"]

1. e4 b6 2. Nf3 Bb7 3. Nc3 g6 4. d4 Bg7 5. Bc4 h6 6. Be3 e6 7. O-O Ne7 8.
Qd2 d6 9. Rad1 Nd7 10. d5 exd5 11. Bxd5 Bxd5 12. exd5 Nf5 13. Bd4 O-O 14.
Bxg7 Kxg7 15. Nd4 Nxd4 16. Qxd4+ Kh7 17. Ne4 f5 18. Ng3 Qf6 19. Rfe1 Qxd4
20. Rxd4 Rae8 21. Rdd1 Nf6 22. c4 Rxe1+ 23. Rxe1 Re8 24. Kf1 Kg7 25. Rxe8
Nxe8 26. Ke2 Kf6 27. Ke3 Ke5 28. f4+ Kf6 29. Ne2 Ke7 30. Kd4 Nf6 31. Nc3 a6
32. h3 Nh5 33. Ne2 Nf6 34. Nc3 Nh5 35. Ke3 Nf6 36. b4 Kd7 37. a4 Ke7 38. b5
a5 39. g3 Nh5 40. g4 fxg4 41. hxg4 Nf6 42. g5 hxg5 43. fxg5 Ng4+ 44. Kf4 Ne5
45. Ke4 Nxc4 46. Kd4 Ne5 47. Ne4 Nd7 48. Kc4 Kf7 49. Kd4 Nc5 50. Nxc5 dxc5+
51. Ke5 Ke7 52. Ke4 Kd6 {White resigns} 0-1

[Event "ICC tourney 1954 (60 10)"]
[Site "Internet Chess Club"]
[Date "2020.08.09"]
[Round "7"]
[White "minecraftchess"]
[Black "wonderwoman"]
[Result "0-1"]
[ICCResult "White checkmated"]
[WhiteElo "909"]
[BlackElo "1318"]
[Opening "Caro-Kann: advance variation"]
[ECO "B12"]
[NIC "CK.04"]
[Time "12:02:57"]
[TimeControl "3600+10"]

1. e4 c6 2. d4 d5 3. e5 Bf5 4. Nc3 e6 5. Nf3 Bb4 6. Bd2 Nd7 7. Be2 Ne7 8.
O-O O-O 9. Bg5 f6 10. exf6 Nxf6 11. Bxf6 Rxf6 12. Ne5 Bd6 13. Nf3 Qe8 14.
Nh4 Rh6 15. g3 Bh3 16. Bg4 Bxf1 17. Kxf1 Ng6 18. Nxg6 Rxg6 19. Bh5 e5 20.
Bxg6 Qxg6 21. dxe5 Bxe5 22. Nxd5 Re8 23. Nc3 Qh6 24. Kg2 Qf6 25. Ne4 Qf7 26.
Qd3 Qe7 27. c3 Rd8 28. Qc4+ Kh8 29. Re1 h6 30. Qe2 Re8 31. Nd2 Qc5 32. Nf3
g5 33. Nxe5 Qd5+ 34. Kf1 Qh1# {White checkmated} 0-1

[Event "ICC tourney 1954 (60 10)"]
[Site "Internet Chess Club"]
[Date "2020.08.09"]
[Round "7"]
[White "vedanta07"]
[Black "lukebugbee"]
[Result "1-0"]
[ICCResult "Black checkmated"]
[WhiteElo "1308"]
[BlackElo "884"]
[Opening "Sicilian: closed"]
[ECO "B23"]
[NIC "SI.44"]
[Time "12:02:35"]
[TimeControl "3600+10"]

1. e4 c5 2. Nc3 d6 3. Bc4 e6 4. f4 a6 5. a4 Nc6 6. Nf3 Nf6 7. O-O Be7 8. d4
b6 9. d5 Nb4 10. Re1 O-O 11. e5 Ne8 12. dxe6 fxe6 13. exd6 Nxd6 14. Bxe6+
Bxe6 15. Rxe6 Qc7 16. Nd5 Nxd5 17. Qxd5 Rf7 18. Ne5 Rd8 19. Nxf7 Nxf7 20.
Qf3 Qd7 21. Re1 Bh4 22. g3 Bf6 23. Be3 Bxb2 24. Rad1 Bd4 25. Bxd4 cxd4 26.
c3 Qxa4 27. Kh1 h6 28. cxd4 b5 29. Ra1 Qxd4 30. Rxa6 Nd6 31. Rd1 Qc5 32.
Qd5+ Qxd5+ 33. Rxd5 Nf7 34. Rxd8+ Nxd8 35. Ra8 b4 36. Rxd8+ Kf7 37. Rb8 g5
38. fxg5 hxg5 39. Rxb4 Kg6 40. Kg2 Kh5 41. g4+ Kg6 42. Kg3 Kh6 43. h4 gxh4+
44. Kxh4 Kg6 45. Rb5 Kh6 46. g5+ Kg6 47. Kg4 Kg7 48. Rb6 Kh7 49. Kf5 Kg7 50.
g6 Kg8 51. Kf6 Kh8 52. Rb8# {Black checkmated} 1-0

[Event "ICC tourney 1954 (60 10)"]
[Site "Internet Chess Club"]
[Date "2020.08.09"]
[Round "7"]
[White "AD-chess"]
[Black "Rishid7"]
[Result "1-0"]
[ICCResult "Black resigns"]
[WhiteElo "1100"]
[BlackElo "846"]
[Opening "Queen's pawn game"]
[ECO "D04"]
[NIC "QP.08"]
[Time "12:02:05"]
[TimeControl "3600+10"]

1. d4 d5 2. Nf3 Nf6 3. e3 a6 4. b3 Nc6 5. Bb2 Bg4 6. Nbd2 e6 7. Bd3 Be7 8.
O-O O-O 9. c4 Nb4 10. Bb1 c6 11. a3 Bxf3 12. Nxf3 dxc4 13. axb4 Qd5 14. e4
Nxe4 15. Qc2 Nf6 16. bxc4 Qh5 17. Ra5 b5 18. c5 Nd5 19. Bc1 Nxb4 20. Qe4 g6
21. Qe5 Qxe5 22. Nxe5 Rfd8 23. Bb2 Bf6 24. Nf3 Nd5 25. Be4 Kg7 26. Rfa1 Nc7
27. Bxc6 h5 28. Bxa8 Nxa8 29. Rxa6 Nc7 30. Ra7 Ne8 31. Rc1 e5 32. c6 Rd5 33.
c7 Nd6 34. Ra6 Nc8 35. Ra8 Nd6 36. Ba3 e4 37. Bxd6 Rxd6 38. c8=Q Rd8 39. Qb7
exf3 40. Rxd8 Bxd8 41. gxf3 Bg5 42. Rb1 {Black resigns} 1-0

[Event "ICC tourney 1954 (60 10)"]
[Site "Internet Chess Club"]
[Date "2020.08.09"]
[Round "7"]
[White "yimaster"]
[Black "traycon"]
[Result "1-0"]
[ICCResult "Black resigns"]
[WhiteElo "1253"]
[BlackElo "899"]
[Opening "Caro-Kann: Panov-Botvinnik attack"]
[ECO "B13"]
[NIC "CK.03"]
[Time "12:02:57"]
[TimeControl "3600+10"]

1. e4 c6 2. d4 d5 3. exd5 cxd5 4. c4 Nf6 5. Nc3 Nc6 6. Bg5 dxc4 7. d5 Nxd5
8. Qxd5 Qa5 9. Bxc4 Qxd5 10. Nxd5 Kd8 11. Rd1 Bd7 12. Nf3 Kc8 13. O-O e6 14.
Nf4 h6 15. Bb5 hxg5 16. Nxg5 Rh6 17. Bxc6 bxc6 18. Nd3 f6 19. Ne4 Rb8 20.
Ndc5 Bxc5 21. Nxc5 Be8 22. Nxe6 Kb7 23. Nxg7 Bg6 24. Rd7+ Kb6 25. a4 Rbh8
26. h3 Be4 27. f3 Bd5 28. Ra1 Bxf3 29. a5+ Kb5 30. gxf3 Rxh3 31. Kf2 Rh2+
32. Ke3 Rxb2 33. Rb7+ Kc5 34. Rxb2 Rg8 35. Rc1+ Kd6 36. Nf5+ Kc7 37. Nd4
Re8+ 38. Kf2 c5 39. Rxc5+ Kd6 40. Rc6+ Kd5 41. Rd2 Rh8 42. Rxf6 Rh2+ 43. Ke3
Rh7 44. Nc6+ Kc4 45. Rf4+ Kb5 46. Nd4+ Kxa5 47. Rb2 Re7+ 48. Kd3 Rd7 49. Kc4
Rc7+ 50. Kd5 Rd7+ 51. Ke6 Rc7 52. Rf5+ Ka4 53. Rf4 Ka3 54. Rb5 Rc4 55. Ra5+
Kb2 56. Rxa7 Rc3 57. Rf8 Re3+ 58. Kd5 Kc1 59. Ra2 Kb1 60. Rg2 Re7 61. Rh8
Rd7+ 62. Ke6 Rc7 63. Rh1+ Rc1 64. Rxc1+ Kxc1 65. f4 {Black resigns} 1-0

[Event "ICC tourney 1954 (60 10)"]
[Site "Internet Chess Club"]
[Date "2020.08.09"]
[Round "7"]
[White "Kfprasanna"]
[Black "chessrdu20"]
[Result "1-0"]
[ICCResult "Black checkmated"]
[WhiteElo "1349"]
[BlackElo "1004"]
[Opening "Giuoco Pianissimo: Italian four knights variation"]
[ECO "C50"]
[NIC "IG.02"]
[Time "12:02:04"]
[TimeControl "3600+10"]

1. e4 e5 2. Nf3 Nc6 3. Bc4 Bc5 4. d3 Nf6 5. Nc3 h6 6. Be3 Bb6 7. h3 d6 8.
Qd2 Be6 9. Bb3 Nd4 10. Bxd4 Bxd4 11. Nxd4 exd4 12. Ne2 Qe7 13. Nxd4 Bd7 14.
Nf3 O-O-O 15. O-O-O Rhe8 16. Qc3 Bc6 17. Rhe1 Nd7 18. Nd4 Qg5+ 19. Kb1 Ne5
20. Nxc6 Nxc6 21. Bxf7 Rf8 22. Be6+ Kb8 23. Bg4 Rxf2 24. Bf3 Qg3 25. d4 Re8
26. e5 dxe5 27. dxe5 a6 28. e6 g5 29. e7 Rxe7 30. Rxe7 Nxe7 31. Qb4 Rxf3 32.
gxf3 Qxf3 33. Re1 Nc8 34. Qg4 Qc6 35. b3 b6 36. Qe6 Qc3 37. Rd1 Qh8 38. Rd7
Nd6 39. Qe7 Qc3 40. a4 a5 41. Qg7 Qxh3 42. Rxc7 h5 43. Rd7 Qf1+ 44. Kb2 Qf4
45. Qe7 Qd4+ 46. Ka2 Nc8 47. Rb7+ Ka8 48. Qc7 Qg4 49. Qb8# {Black
checkmated} 1-0

[Event "ICC tourney 1954 (60 10)"]
[Site "Internet Chess Club"]
[Date "2020.08.09"]
[Round "7"]
[White "pillaivar"]
[Black "kd9junior"]
[Result "0-1"]
[ICCResult "White checkmated"]
[WhiteElo "1163"]
[BlackElo "1292"]
[Opening "Sicilian: Canal-Sokolsky attack, Sokolsky variation"]
[ECO "B52"]
[NIC "SI.01"]
[Time "12:02:46"]
[TimeControl "3600+10"]

1. e4 c5 2. Nf3 d6 3. Bb5+ Bd7 4. Bxd7+ Qxd7 5. c4 Nc6 6. Nc3 Nf6 7. d4 cxd4
8. Nxd4 g6 9. O-O Bg7 10. Nde2 O-O 11. f3 Rac8 12. Be3 Ne5 13. b3 a6 14. Na4
Qc7 15. Nb6 Rcd8 16. Qd2 Ned7 17. Nxd7 Nxd7 18. Rad1 Nc5 19. Nc3 b5 20. Nd5
Qb7 21. b4 Na4 22. cxb5 axb5 23. Bd4 e6 24. Nf6+ Kh8 25. f4 e5 26. Bxe5 dxe5
27. Qxd8 Rxd8 28. Rxd8+ Bf8 29. Rxf8+ Kg7 30. Nxh7 Kxh7 31. fxe5 Qxe4 32.
R1xf7+ Kh6 33. Rh8+ Kg5 34. Rf3 Qxe5 35. h4+ Kg4 36. Rg8 Qd4+ 37. Kh2 Qd6+
38. Kh1 Nb2 39. Re8 Nd3 40. Re4+ Kh5 41. Rf7 g5 42. Rf5 Qg6 43. Ref4 Nxf4
44. Rxg5+ Qxg5 45. hxg5 Kxg5 46. a3 Nd5 47. Kg1 Nc3 48. Kf2 Kf4 49. g4 Kxg4
50. Ke3 Nb1 51. Kd4 Nxa3 52. Ke3 Nc2+ 53. Kd3 Nxb4+ 54. Kc3 Nd5+ 55. Kd2 b4
56. Kc2 Kf4 57. Kb3 Ke4 58. Kc4 Ke3 59. Kb3 Kd3 60. Kb2 Kc4 61. Kc2 b3+ 62.
Kb2 Ne3 63. Kc1 Kc3 64. Kb1 b2 65. Ka2 Kc2 66. Ka3 b1=Q 67. Ka4 Qb3+ 68. Ka5
Nc4+ 69. Ka6 Qb6# {White checkmated} 0-1

[Event "ICC tourney 1954 (60 10)"]
[Site "Internet Chess Club"]
[Date "2020.08.09"]
[Round "7"]
[White "nagapraneel"]
[Black "GradyL"]
[Result "1/2-1/2"]
[ICCResult "Game drawn by mutual agreement"]
[WhiteElo "880"]
[BlackElo "1072"]
[Opening "Giuoco Piano"]
[ECO "C50"]
[NIC "IG.02"]
[Time "12:03:16"]
[TimeControl "3600+10"]

1. e4 e5 2. Nf3 Nc6 3. Bc4 Bc5 4. O-O Nf6 5. d3 h6 6. c3 O-O 7. Nbd2 d6 8.
h3 a6 9. a4 Na5 10. Ba2 Ba7 11. b4 Nc6 12. Re1 Re8 13. Nf1 Bd7 14. a5 b5 15.
axb6 cxb6 16. Bc4 b5 17. Bb3 Bb6 18. Ng3 a5 19. Bd2 axb4 20. cxb4 Rxa1 21.
Qxa1 Nd4 22. Qd1 Nxb3 23. Qxb3 Be6 24. Qd1 Bc8 25. Bc3 Qc7 26. Qd2 Bb7 27.
Re2 Nh5 28. Nxh5 Rc8 29. Bb2 Qe7 30. g3 Kh7 31. Qd1 g6
{Game drawn by mutual agreement}
1/2-1/2

[Event "ICC tourney 1954 (60 10)"]
[Site "Internet Chess Club"]
[Date "2020.08.09"]
[Round "7"]
[White "karmapillai"]
[Black "BabyCheeks25"]
[Result "0-1"]
[ICCResult "White checkmated"]
[WhiteElo "1032"]
[BlackElo "900"]
[Opening "Caro-Kann: advance variation"]
[ECO "B12"]
[NIC "CK.04"]
[Time "12:02:06"]
[TimeControl "3600+10"]

1. e4 c6 2. d4 d5 3. e5 Bf5 4. Nf3 e6 5. Be3 Ne7 6. Bd3 Bxd3 7. Qxd3 Nf5 8.
O-O Nxe3 9. Qxe3 Be7 10. c3 O-O 11. Nbd2 Qb6 12. Nb3 Nd7 13. a3 c5 14. Nfd2
c4 15. Nc1 Qxb2 16. Rb1 Qxa3 17. Rxb7 Rfd8 18. Ne2 Qa6 19. Rfb1 Rab8 20.
R7b2 Rxb2 21. Rxb2 Rb8 22. Rxb8+ Nxb8 23. Nf1 Qa1 24. Qc1 Qxc1 25. Nxc1 Ba3
26. Ne2 Bb2 27. Nd2 Nd7 28. Kf1 Nb6 29. Ke1 Na4 30. Nb1 Kf8 31. Kd2 Ke7 32.
Nc1 Bxc1+ 33. Kxc1 f6 34. f4 fxe5 35. dxe5 Kf7 36. g4 Kg6 37. h4 h5 38. f5+
Kf7 39. g5 exf5 40. Kd2 Ke6 41. Ke3 Kxe5 42. Kf3 g6 43. Ke3 a5 44. Kf3 Nc5
45. Ke3 Ne6 46. Nd2 a4 47. Nb1 Nc7 48. Na3 Ne6 49. Nb5 Nf4 50. Kf3 Nd3 51.
Ke3 Nc1 52. Kf3 Nb3 53. Ke3 d4+ 54. cxd4+ Kd5 55. Nc3+ Kd6 56. Nxa4 Na5 57.
Kf4 Nc6 58. Ke3 Nb4 59. Kd2 Na2 60. Nc3 Nxc3 61. Kxc3 Kd5 62. Kd2 Kxd4 63.
Ke2 Kc3 64. Kd1 Kb2 65. Kd2 c3+ 66. Ke3 c2 67. Kf4 c1=Q+ 68. Ke5 f4 69. Kf6
Qc6+ 70. Kg7 f3 71. Kf7 Qe4 72. Kf6 Qxh4 73. Kxg6 f2 74. Kf6 f1=Q+ 75. Ke5
Qxg5+ 76. Kd6 Qff6+ 77. Kc7 Qgg7+ 78. Kc8 Qff8# {White checkmated} 0-1